 Dungeon Crawl Stone Soup version 0.28.0-53-g5a82cb258f (webtiles) character file.

Game seed: 15402091655690683913

4 plaps the Stinger (level 1, -1/11 HPs)
             Began as an Octopode Venom Mage on July 9, 2022.
             Slain by Sigmund
             ... wielding a +0 scythe
              (8 damage)
             ... on level 2 of the Dungeon.
             The game lasted 00:01:19 (41 turns).

plaps the Stinger (Octopode Venom Mage)               Turns: 41, Time: 00:01:20

Health: -1/11      AC:  1    Str:  7    XL:     1   Next: 60%
Magic:  3/3        EV: 13    Int: 17    God:
Gold:   0          SH:  0    Dex: 12    Spells: 3/4 levels left

rFire   . . .      SeeInvis .   a - +0 dagger
rCold   . . .      Faith    .   (no shield)
rNeg    . . .      Spirit   .   (helmet restricted)
rPois   .          Reflect  .   (no amulet)
rElec   .          Harm     .   (no ring)
rCorr   .          Rampage  .   (no ring)
Will    .....                   (no ring)
Stlth   +++.......              (no ring)
HPRegen 0.03/turn               (no ring)
MPRegen 0.08/turn               (no ring)
                                (no ring)
                                (no ring)

@: no status effects
A: almost no armour, amphibious, 8 rings, camouflage 1, gelatinous body 1,
(nimble swimmer 1), tentacles
a: no special abilities


You were on level 2 of the Dungeon.
You visited 1 branch of the dungeon, and saw 2 of its levels.

Inventory:

Hand Weapons
 a - a +0 dagger (weapon)


   Skills:
 + Level 2.0 Dodging
 + Level 2.6 Stealth
 + Level 2.1 Spellcasting
 + Level 1.0 Transmutations
 + Level 3.9 Poison Magic


You had 3 spell levels left.
You knew the following spells:

 Your Spells              Type           Power      Damage    Failure   Level
a - Sting                 Tmut/Pois      40%        1d5       7%          1

Your spell library contained the following spells:

 Spells                   Type           Power      Damage    Failure   Level
 Poisonous Vapours        Pois/Air       16%        N/A       13%         2
 Mephitic Cloud           Conj/Pois/Air  6%         N/A       34%         3
 Olgreb's Toxic Radiance  Pois           15%        N/A       36%         4
 Blade Hands              Tmut           2%         N/A       98%         5
 Iron Shot                Conj/Erth      0%         9d1       100%        6
 Animate Armour           Summ/Erth      Unusable   N/A       N/A         4

Dungeon Overview and Level Annotations

Branches:
Dungeon (1/15)

Altars:

Annotations:
D:2 Sigmund


Innate Abilities, Weirdness & Mutations

You cannot wear most types of armour.
You are amphibious.
You can wear up to eight rings at the same time.
Your skin changes colour to match your surroundings (Stealth+).
Your rubbery body absorbs attacks. (AC +1, EV +1)
((You are camouflaged when in or above water. (Stealth+)))
You have tentacles for arms and can constrict up to eight enemies at once.


Message History

Found a dagger.
A dart slug comes into view.
You see here a +0 dagger.
a - a +0 dagger
a - a +0 dagger (weapon)
You hit the dart slug. You grab the dart slug. You squeeze the dart slug.
The dart slug is moderately wounded.
You constrict the dart slug. The dart slug barely misses you.
You hit the dart slug.
The dart slug is severely wounded.
You constrict the dart slug. The dart slug barely misses you.
You hit the dart slug but do no damage.
You squeeze the dart slug, but do no damage.
The dart slug is almost dead.
You constrict the dart slug.
You kill the dart slug!
An endoplasm comes into view.
Found a ring mail.
The endoplasm quivers.
Unknown command. 2 ball pythons come into view.
Found a faded altar of an unknown god.
You hit the endoplasm but do no damage. You squeeze the endoplasm.
The endoplasm is almost dead.
The endoplasm freezes you.
You are frozen.
You hit the endoplasm.
You kill the endoplasm!
A bat comes into view.
A ball python comes into view.
A sourceless malevolence fills the Dungeon...
You fall into a shaft and drop 1 floor!
The shaft crumbles and collapses.
Sigmund the Dreaded comes into view.
He is wielding a +0 scythe.
Found an escape hatch in the floor.
Sigmund is nearby!
Sigmund shouts!
You hear an angry hiss.
Sigmund hits you from afar with a +0 scythe!
Ouch! That really hurt!
You die...

# .#
#########.#
#.........#
#.........#
#....@...>#
#............
#....@...####
#........#
######....#
.##.# .# .#
.# .


You could see Sigmund.

Vanquished Creatures
  A dart slug (D:1)
  An endoplasm (D:1)
2 creatures vanquished.

Notes
Turn   | Place    | Note
-------+----------+-------------------------------------------
     0 | D:1      | plaps the Octopode Venom Mage began the quest for the Orb.
     0 | D:1      | Reached XP level 1. HP: 11/11 MP: 3/3
    33 | D:1      | Found a faded altar of an unknown god.
    38 | D:1      | You fall into a shaft and drop 1 floor!
    38 | D:2      | Noticed Sigmund
    41 | D:2      | Slain by Sigmund

Illustrated notes

Levels and vault maps discovered:
D:1:      psy_arrival_radial01, layout_loops_ring,
          chequers_ecumenical_altar_island
D:2:      layout_rooms, uniq_sigmund, uniq_terence, uniq_natasha

Action                   || total
-------------------------++-------
Melee: Dagger            ||     5
       Tentacles         ||     3
       Constrict         ||     1
Dodge: Dodged            ||     2
